 Dungeon Crawl Stone Soup version 0.30-a0-347-gf58ed5266c (webtiles) character file.

Game seed: 13611197308209594359

1479 RascalDebosk the Magician (level 9, -7/62 HPs)
             Began as a Djinni Venom Mage on Nov 5, 2022.
             Mangled by an ice beast (21 damage)
             ... on level 6 of the Dungeon.
             The game lasted 00:49:53 (4944 turns).

RascalDebosk the Magician (Djinni Venom Mage)       Turns: 4944, Time: 00:49:54

Health: -7/62      AC:  2    Str:  7    XL:     9   Next: 6%
Gold:   362        EV: 13    Int: 21    God:
                   SH:  3    Dex: 14

rFire   + + +      SeeInvis .    i - +0 falchion
rCold   x . .      Faith    .    w - +0 buckler
rNeg    . . .      Spirit   .    a - +0 robe
rPois   ∞          Reflect  .    (no helmet)
rElec   .          Harm     .    (no cloak)
rCorr   .          Rampage  .    (no gloves)
Will    .....                    (boots unavailable)
Stlth   ++........               (no amulet)
HPRegen 0.30/turn                o - ring of protection from fire
MPRegen 0.00/turn                (no ring)

@: flying
A: sickness immunity, fire resistance 2, cold vulnerability 1, float, innate
caster, HP casting, extra vitality 1
a: no special abilities


You were on level 6 of the Dungeon.
You visited 1 branch of the dungeon, and saw 6 of its levels.

You collected 362 gold pieces.

Inventory:

Hand Weapons
 i - a +0 falchion (weapon)
Armour
 a - a +0 robe (worn)
 w - a +0 buckler (worn)
Jewellery
 o - a ring of protection from fire (left hand)
Wands
 m - a wand of polymorph (5)
 q - a wand of flame (17) (quivered)
Scrolls
 b - a scroll of torment
 f - a scroll of poison {unknown}
 h - a scroll of acquirement {unknown}
 j - a scroll of fog {unknown}
 l - a scroll of noise {unknown}
 n - a scroll of brand weapon {unknown}
 p - a scroll of vulnerability {unknown}
 t - 2 scrolls of teleportation
 u - a scroll of magic mapping {unknown}
Potions
 c - a potion of degeneration {unknown}
 d - 2 potions of might {unknown}
 e - 2 potions of brilliance
 g - 3 potions of flight
 k - 2 potions of haste
 r - 2 potions of curing
 s - a potion of heal wounds {unknown}
 v - 2 potions of lignification {unknown}


   Skills:
 + Level 4.3 Fighting
 + Level 1.0 Armour
 - Level 5.0 Dodging
 - Level 1.5 Stealth
 * Level 7.0 Spellcasting


You had 3 spell levels left.
You knew the following spells:

 Your Spells              Type           Power      Damage    Failure   Level
a - Sting                 Tmut/Pois      100%       1d8       1%          1
b - Poisonous Vapours     Pois/Air       72%        N/A       1%          2
c - Mephitic Cloud        Conj/Pois/Air  36%        N/A       1%          3
d - Olgreb's Toxic Radia  Pois           36%        N/A       7%          4
e - Apportation           Tloc           72%        N/A       1%          1
f - Scorch                Fire           72%        2d8       1%          2
g - Passwall              Tmut/Erth      30%        N/A       1%          2
h - Cause Fear            Hex            18%        N/A       7%          4
Your spell library was empty.

Dungeon Overview and Level Annotations

Branches:
Dungeon (6/15)
 Temple: D:4-7

Altars:
The Shining One

Annotations:
D:6 Prince Ribbit


Innate Abilities, Weirdness & Mutations

You are immune to sickness and miasma.
You are immune to poison.
Your flesh is very heat resistant. (rF++)
You are vulnerable to cold. (rC-)
You float through the air rather than walking.
You learn spells naturally, not from books.
Your magical power is your life essence.
You have superior vitality. (+4 MHP)


Message History

You kill the scorpion!
You kill the orc!
An orc comes into view. It is wielding a +0 club.
Training target 5.0 for Dodging reached!
Your Fighting skill increases to level 4!
Your Dodging skill increases to level 5!
Casting: Olgreb's Toxic Radiance (dangerous; 9% risk of failure)
Confirm with . or Enter, or press ? or * to list all spells.
Flames lash the black bear but do no damage.
The orc is poisoned.
You hear a loud, deep croak!
The orc wizard gestures at you while chanting.
The magic dart hits you.
Casting: Scorch (safe; 1% risk of failure)
Confirm with . or Enter, or press ? or * to list all spells.
Flames lash the jelly.
The jelly is severely wounded.
The jelly's fire resistance burns away.
* * * LOW HITPOINT WARNING * * *
The black bear looks as sick as possible!
The orc wizard looks even sicker.
The orc looks even sicker.
You hear an angry growl.
Casting: Scorch (safe; 1% risk of failure)
Confirm with . or Enter, or press ? or * to list all spells.
You miscast Olgreb's Toxic Radiance.
You are very lightly contaminated with residual magic.
Nothing appears to happen.
* * * LOW HITPOINT WARNING * * *
The black bear looks as sick as possible!
The orc wizard looks as sick as possible!
You kill the orc!
Your toxic aura wanes.
The black bear bites you.
* * * LOW HITPOINT WARNING * * *
The black bear completely misses you. The black bear claws you.
* * * LOW HITPOINT WARNING * * *
Casting: Olgreb's Toxic Radiance (dangerous; 9% risk of failure)
Confirm with . or Enter, or press ? or * to list all spells.
Flames lash the jelly.
The jelly is burned terribly!
You kill the jelly!
* * * LOW HITPOINT WARNING * * *
You kill the orc wizard!
The black bear bites you.
* * * LOW HITPOINT WARNING * * *
The black bear closely misses you.
The black bear claws you but does no damage.
You have reached level 9!
Your experience leads to an increase in your attributes!
Increase (s)trength, (i)ntelligence, or (d)exterity?
You feel clever. x2
The power to cast Cause Fear wells up from within.
Spell assigned to 'h'.
Casting: Scorch (safe; 1% risk of failure)
Confirm with . or Enter, or press ? or * to list all spells.
Casting: Cause Fear (dangerous; 7% risk of failure)
Press: ? - help, Dir - look around, f - activate The black bear looks frightened!
* * * LOW HITPOINT WARNING * * *
Unknown command.
Unknown command.
Prince Ribbit comes into view.
The black bear goes berserk!
A black bear comes into view.
You kill the black bear!
Your Armour skill increases to level 1!
Your Spellcasting skill increases to level 7!
Your magical contamination has completely faded away.
There is a stone staircase leading up here.
You start resting.
An ice beast comes into view.
Prince Ribbit blinks!
You fly upwards.
There is a stone staircase leading down here.
You start resting.
HP restored.
You fly downwards.
Level annotation: Prince Ribbit Prince Ribbit hits you!!
Prince Ribbit hits you!
* * * LOW HITPOINT WARNING * * *
You block the ice beast's attack.
There is a stone staircase leading up here.
Casting: Cause Fear (dangerous; 7% risk of failure)
Confirm with . or Enter, or press ? or * to list all spells.
Flames lash Prince Ribbit.
Prince Ribbit is moderately wounded.
Prince Ribbit's fire resistance burns away.
* * * LOW HITPOINT WARNING * * *
Prince Ribbit barely misses you. You block the ice beast's attack.
Prince Ribbit hits you!
* * * LOW HITPOINT WARNING * * *
Casting: Scorch (safe; 1% risk of failure)
Confirm with . or Enter, or press ? or * to list all spells.
Flames lash the ice beast.
The ice beast melts!
The ice beast is heavily wounded.
The ice beast's fire resistance burns away.
* * * LOW HITPOINT WARNING * * *
The ice beast hits you.
* * * LOW HITPOINT WARNING * * *
The ice beast freezes you!!
You feel a terrible chill!
You die...

....##...........#.....#
...)##..≈≈≈≈............
.F).##.§≈...............
....##.§≈._.............
....§...............
............÷.......
###.................
#####....F.Y......
#....(@#.....#
#..############ #.# ...
..


You could see Prince Ribbit (combustible) and an ice beast (combustible).

Vanquished Creatures
  Grinder (D:3)
  Eustachio (D:5)
  Menkaure (D:5)
  A water moccasin (D:6)
  A black bear (D:6)
  An ogre (D:4)
  A phantom (D:4)
  A necrophage (D:6)
  A scorpion (D:6)
  3 jellies
  A hound (D:4)
  An orc priest (D:5)
  2 iguanas (D:5)
  3 orc wizards
  Natasha (thrice) (D:3)
  9 adders
  An ufetubus (D:4)
  A worm (D:2)
  3 dart slugs (D:1)
  18 orcs
  11 bats
  7 endoplasms
  3 giant cockroaches
  13 goblins
  10 hobgoblins
  3 jackals (D:4)
  10 kobolds
  A quokka (D:1)
  2 ball pythons
  4 frilled lizards
  5 rats
  A toadstool (D:2)
124 creatures vanquished.

Vanquished Creatures (others)
  4 toadstools (D:2)
4 creatures vanquished.

Grand Total: 128 creatures vanquished

Notes
Turn   | Place    | Note
-------+----------+-------------------------------------------
     0 | D:1      | RascalDebosk the Djinni Venom Mage began the quest for the
                  | Orb.
     0 | D:1      | RascalDebosk set off with the following spells memorised:
                  | Sting, Poisonous Vapours, Mephitic Cloud, Olgreb's Toxic
                  | Radiance.
     0 | D:1      | Reached XP level 1. HP: 15/15 MP: 0/0
    83 | D:1      | Reached XP level 2. HP: 12/21 MP: 0/0
   292 | D:1      | Reached skill level 3 in Spellcasting
   451 | D:1      | Reached XP level 3. HP: 23/25 MP: 0/0
   451 | D:1      | Learned a level 1 spell: Apportation
  1350 | D:2      | Reached XP level 4. HP: 21/31 MP: 0/0
  1762 | D:2      | Reached skill level 4 in Spellcasting
  2075 | D:2      | Reached XP level 5. HP: 28/35 MP: 0/0
  2075 | D:2      | Learned a level 2 spell: Scorch
  2475 | D:3      | Noticed Natasha
  2480 | D:3      | Killed Natasha
  2618 | D:3      | Noticed Natasha
  2624 | D:3      | Killed Natasha
  2634 | D:3      | Noticed Natasha
  2637 | D:3      | Killed Natasha
  2638 | D:3      | Reached XP level 6. HP: 29/40 MP: 0/0
  2764 | D:3      | Reached skill level 5 in Spellcasting
  2778 | D:3      | Noticed Grinder
  2791 | D:3      | Killed Grinder
  2792 | D:3      | Reached skill level 1 in Fighting
  2792 | D:3      | Reached XP level 7. HP: 12/47 MP: 0/0
  2792 | D:3      | Learned a level 2 spell: Passwall
  3828 | D:4      | Reached XP level 8. HP: 37/55 MP: 0/0
  4041 | D:5      | Entered Level 5 of the Dungeon
  4041 | D:5      | Noticed Eustachio
  4045 | D:5      | Reached skill level 6 in Spellcasting
  4050 | D:5      | Killed Eustachio
  4357 | D:5      | Noticed Menkaure
  4362 | D:5      | Killed Menkaure
  4701 | D:6      | Found a glowing golden altar of the Shining One.
  4773 | D:6      | Reached skill level 5 in Dodging
  4777 | D:6      | Reached XP level 9. HP: 16/62 MP: 0/0
  4777 | D:6      | Learned a level 4 spell: Cause Fear
  4778 | D:6      | Noticed Prince Ribbit
  4781 | D:6      | Reached skill level 1 in Armour
  4781 | D:6      | Reached skill level 7 in Spellcasting
  4944 | D:6      | Mangled by an ice beast

Illustrated notes

Levels and vault maps discovered:
D:1:      psy_arrival_statuary, layout_loops_corners, minmay_misc_feat_enclosed
D:2:      minmay_skewed_foursquare, layout_rooms, minmay_gold_behind_fungi
D:3:      layout_rooms, chequers_arboretum, uniq_grinder, uniq_natasha
D:4:      layout_basic
D:5:      layout_basic, kennysheep_boxes, uniq_menkaure, uniq_eustachio
D:6:      layout_rooms, mainiacjoe_overflow_chevrons, guppyfry_early_elven_hall,
          uniq_prince_ribbit1

Skill      XL: |  1  2  3  4  5  6  7  8  9 |
---------------+----------------------------+-----
Spellcasting   | 3 4 5 6 7 |  7.0
Fighting       | 1 2 4 |  4.3
Dodging        | 3 5 |  5.0
Armour         | 1 |  1.0
Stealth        | |  1.5

Action                   |  1- 3 |  4- 6 |  7- 9 || total
-------------------------+-------+-------+-------++-------
Melee: Unarmed           |     1 |       |       ||     1
       Dagger            |       |    20 |     2 ||    22
 Cast: Sting             |    37 |    12 |       ||    49
       Poisonous Vapours |    27 |    51 |    27 ||   105
       Mephitic Cloud    |     2 |     5 |     1 ||     8
       Scorch            |       |    19 |    47 ||    66
       Olgreb's Toxic Ra |       |       |     8 ||     8
       Passwall          |       |       |     2 ||     2
       Cause Fear        |       |       |     1 ||     1
Evoke: Wand              |       |    11 |       ||    11
  Use: Scroll            |       |       |     7 ||     7
Armor: Robe              |     1 |     6 |     3 ||    10
Dodge: Dodged            |    12 |    22 |     7 ||    41
Block: Buckler           |       |       |     2 ||     2

Table legend: (Time is in decaauts)
 A = Elapsed time spent in this place.
 B = Non-inter-level travel time spent in this place.
 C = Inter-level travel time spent in this place.
 D = Time resting spent in this place.
 E = Time spent auto-exploring this place.
 F = Levels seen in this place.
 G = Mean time per level.
                   A        B        C        D        E       F      G
               +--------+--------+--------+--------+--------+-----+--------+
         Total |   4961 |   4780 |    181 |    303 |   3564 |   6 |  826.8 |
       Dungeon |   4961 |   4780 |    181 |    303 |   3564 |   6 |  826.8 |
               +--------+--------+--------+--------+--------+-----+--------+

Top non-repeatable levels by time:
     D:1: 1336 daAuts
     D:2: 1035 daAuts
     D:3: 890 daAuts
     D:4: 796 daAuts
     D:5: 784 daAuts
     D:6: 118 daAuts
